 Dungeon Crawl Stone Soup version 0.28.0-49-g6dfe1f597d (webtiles) character file.

Game seed: 6660883700971140484

476 Atelerd the Sneak (level 7, 0/41 HPs)
             Began as an Octopode Earth Elementalist on May 16, 2022.
             Slain by an ogre
             ... wielding a +0 giant club
              (15 damage)
             ... on level 5 of the Dungeon.
             The game lasted 00:05:27 (4465 turns).

Atelerd the Sneak (Octopode Earth Elementalist)     Turns: 4465, Time: 00:05:28

Health: 0/41       AC:  2    Str:  7    XL:     7   Next: 10%
Magic:  12/12      EV: 28    Int: 19    God:
Gold:   100        SH:  0    Dex: 13    Spells: 5/13 levels left

rFire   . . .      SeeInvis +   f - +0 dagger
rCold   . . .      Faith    .   (no shield)
rNeg    . . .      Spirit   .   h - +1 hat
rPois   .          Reflect  .   a - amulet of the acrobat
rElec   .          Harm     .   o - ring of see invisible
rCorr   .          Rampage  .   (no ring)
Will    .....                   (no ring)
Stlth   ++++......              (no ring)
HPRegen 0.13/turn               (no ring)
MPRegen 0.13/turn               (no ring)
                                (no ring)
                                (no ring)

@: acrobatic
A: almost no armour, amphibious, 8 rings, camouflage 1, gelatinous body 1,
(nimble swimmer 1), tentacles
a: no special abilities


You were on level 5 of the Dungeon.
You visited 1 branch of the dungeon, and saw 6 of its levels.

You collected 196 gold pieces.
You spent 96 gold pieces at shops.

Inventory:

Hand Weapons
 f - a +0 dagger (weapon)
Missiles
 m - 7 stones
Armour
 h - a +1 hat (worn)
Jewellery
 a - an amulet of the acrobat (around mantle)
 o - a ring of see invisible (left tentacle)
 t - an amulet of magic regeneration
Wands
 r - a wand of mindburst (9)
Scrolls
 b - a scroll of enchant weapon {unknown}
 d - a scroll of noise {unknown}
 e - a scroll of immolation {unknown}
 j - 2 scrolls of identify {unknown}
 k - 4 scrolls of magic mapping
 p - 2 scrolls of fear
 q - a scroll of teleportation {unknown}
 v - a scroll of summoning {unknown}
 y - a scroll of amnesia {unknown}
Potions
 c - 4 potions of attraction
 g - a potion of brilliance {unknown}
 i - 2 potions of might {unknown}
 l - 3 potions of degeneration
 n - 2 potions of flight {unknown}
 u - a potion of heal wounds
 w - a potion of cancellation {unknown}
 x - a potion of haste {unknown}
 z - a potion of resistance {unknown}


   Skills:
 - Level 2.0 Dodging
 + Level 5.1 Stealth
 + Level 3.8 Spellcasting
 + Level 0.4 Conjurations
 + Level 3.6 Transmutations
 + Level 4.7 Earth Magic


You had 5 spell levels left.
You knew the following spells:

 Your Spells              Type           Power      Damage    Failure   Level
a - Sandblast             Erth           42%        2d11      1%          1
p - Petrify               Tmut/Erth      19%        N/A       24%         4
r - Stone Arrow           Conj/Erth      26%        3d8       14%         3

Your spell library contained the following spells:

 Spells                   Type           Power      Damage    Failure   Level
 Passwall                 Tmut/Erth      15%        N/A       3%          2
 Foxfire                  Conj/Fire      16%        2x1d4     13%         1
 Conjure Flame            Conj/Fire      4%         6-21      36%         3
 Inner Flame              Hex/Fire       3%         N/A       38%         3
 Flame Wave               Conj/Fire      4%         2d5       77%         4


Dungeon Overview and Level Annotations

Branches:
Dungeon (6/15)             Temple (0/1) D:5

Altars:
Elyvilon
Okawaru
Lugonu

Shops:
D:3 :*(!!

Portals:
Abyss: D:3

Annotations:
D:2 Robin
D:3 2 runed translucent doors
D:5 exclusion: downstairs


Innate Abilities, Weirdness & Mutations

You cannot wear most types of armour.
You are amphibious.
You can wear up to eight rings at the same time.
Your skin changes colour to match your surroundings (Stealth+).
Your rubbery body absorbs attacks. (AC +1, EV +1)
((You are camouflaged when in or above water. (Stealth+)))
You have tentacles for arms and can constrict up to eight enemies at once.


Message History

You squeeze the water moccasin skeleton!
The water moccasin skeleton is severely damaged.
You constrict the water moccasin skeleton.
The water moccasin skeleton barely misses you.
The water moccasin skeleton bites you.
A water moccasin skeleton is nearby!
You hit the water moccasin skeleton.
You squeeze the water moccasin skeleton.
You destroy the water moccasin skeleton!
You have reached level 7!
You now have 89 gold pieces (gained 8).
m - 7 stones
Found an iron altar of Okawaru.
Found a stone staircase leading up.
Found a stone staircase leading up.
There is a stone staircase leading up here.
You now have enough gold to buy a potion of haste on D:3.
You can access your shopping list by pressing '$'.
You now have 100 gold pieces (gained 11).
Found a robe.
You see here a +0 robe.
An ogre comes into view. It is wielding a +0 giant club.
An ogre is nearby!
An ogre is nearby!
An ogre is nearby!
An ogre is nearby!
Found a scroll labelled QEUVAR RUEHIV.
The ogre shouts!
You barely miss the ogre. The ogre hits you with a +0 giant club!
You hit the ogre but do no damage.
The ogre hits you with a +0 giant club!!
Ouch! That really hurt!
* * * LOW HITPOINT WARNING * * *
An ogre is nearby!
You are too injured to fight recklessly!
You are too injured to fight recklessly!
You see here a +0 robe.
There is a stone staircase leading up here.
The ogre hits you with a +0 giant club!
You die...

*,,,,,,,,* *,******,*
############# *,* *,*
#...........## *,* *,*
#.########...# *,* **,** #.#
###.#.###*,# *,,,**** #.#
##...#...##.# *,,,,,,. ####.#
#..#####....# *,,,***#
.....#####....#<@.#### ***** #
####.......##.#O###
*###########
#.########...######...........
#.# #.............##*###...#
#.# #.###.####.....###......
#.# #.###.####.#.....#......
#.#***#.......................
#..,........####.##...##......
##.*...#.#### #..#.....#......


You could see an ogre.

Vanquished Creatures
  A water moccasin (D:5)
  A bullfrog (D:6)
  A water moccasin skeleton (D:5)
  An orc priest (D:6)
  An iguana (D:4)
  4 orc wizards
  A gnoll (D:1)
  An adder (D:3)
  A shadow imp (D:6)
  A worm (D:4)
  5 orcs
  5 endoplasms
  6 giant cockroaches
  6 goblins
  7 hobgoblins
  5 quokkas
  4 ball pythons
  7 bats
  3 frilled lizards
  A kobold (D:3)
  2 rats
64 creatures vanquished.

Notes
Turn   | Place    | Note
-------+----------+-------------------------------------------
     0 | D:1      | Atelerd the Octopode Earth Elementalist began the quest for
                  | the Orb.
     0 | D:1      | Reached XP level 1. HP: 11/11 MP: 3/3
   357 | D:1      | Reached XP level 2. HP: 17/17 MP: 3/5
   545 | D:1      | Reached XP level 3. HP: 12/21 MP: 2/6
  1594 | D:2      | Noticed Robin
  1618 | D:3      | Found Etunagu's Weapon Boutique.
  1825 | D:3      | Reached XP level 4. HP: 21/27 MP: 5/8
  1971 | D:3      | Found Obioc's Distillery.
  2071 | D:3      | Bought 2 potions of degeneration for 24 gold pieces
  2071 | D:3      | Bought a potion of curing for 36 gold pieces
  2071 | D:3      | Bought a potion of attraction for 36 gold pieces
  2100 | D:3      | Found a large runed translucent door.
  2101 | D:3      | Found a large runed translucent door.
  2101 | D:3      | Found a corrupted altar of Lugonu.
  2194 | D:3      | Found Upupruov's Distillery.
  2272 | D:3      | Found a one-way gate to the infinite horrors of the Abyss.
  2327 | D:3      | Reached skill level 3 in Stealth
  2410 | D:3      | Found Ygufuss's Book Shoppe.
  2466 | D:3      | Found Igyiq's Assorted Antiques.
  2806 | D:3      | Learned a level 3 spell: Stone Arrow
  2813 | D:4      | Reached XP level 5. HP: 26/31 MP: 9/9
  2818 | D:4      | Learned a level 4 spell: Petrify
  3096 | D:5      | Entered Level 5 of the Dungeon
  3186 | D:5      | Noticed a water moccasin
  3387 | D:6      | Reached skill level 4 in Stealth
  3387 | D:6      | Reached XP level 6. HP: 9/36 MP: 0/11
  3613 | D:6      | Found a white marble altar of Elyvilon.
  3689 | D:6      | Noticed a black bear
  4054 | D:5      | Killed a water moccasin
  4055 | D:5      | Reached skill level 5 in Stealth
  4306 | D:5      | Reached XP level 7. HP: 37/41 MP: 12/12
  4349 | D:5      | Found an iron altar of Okawaru.
  4465 | D:5      | Slain by an ogre

Illustrated notes

Levels and vault maps discovered:
D:1:      dpeg_arrival_tiny_k, layout_loops_ring
D:2:      layout_basic, serial_shops, nicolae_shop_hallway_plus,
          kennysheep_generic_room_4, uniq_robin, uniq_crazy_yiuf_cottage
D:3:      due_chaos_kobolds, layout_rooms, serial_shops, shop, shop_fountains,
          nicolae_shop_waterfront, shop, shop
D:4:      layout_basic
D:5:      layout_loops_ring, okawaru_gym_becter, minmay_temple_entry_wispy,
          uniq_ijyb
D:6:      layout_cave_pools, mainiacjoe_overflow_alcove_1,
          chequers_decorated_corner, uniq_prince_ribbit1

Skill      XL: |  1  2  3  4  5  6 |
---------------+-------------------+-----
Transmutations | 2 3 |  3.6
Stealth        | 3 4 5 |  5.1
Spellcasting   | 3 |  3.8
Earth Magic    | 4 |  4.7
Dodging        | |  2.0
Conjurations   | |  0.4

Action                   |  1- 3 |  4- 6 |  7- 9 || total
-------------------------+-------+-------+-------++-------
Melee: Unarmed           |    16 |       |       ||    16
       Constrict         |    11 |    15 |       ||    26
       Tentacles         |     4 |    26 |       ||    30
       Dagger            |    10 |    65 |     2 ||    77
 Cast: Sandblast         |    42 |    35 |       ||    77
       Petrify           |       |     4 |       ||     4
       Stone Arrow       |       |     3 |       ||     3
  Use: Potion            |       |     2 |       ||     2
       Scroll            |       |     2 |       ||     2
 Stab: Sleeping          |       |     2 |       ||     2
Armor: Skin              |     5 |     6 |       ||    11
Dodge: Dodged            |    40 |    50 |       ||    90
